 Dungeon Crawl Stone Soup version 0.28-a0-1624-g820543e53a (webtiles) character file.

Game seed: 5603650699901481894

2940 glarfugus the Grappler (level 9, 0/65 HPs)
             Began as a Ghoul Monk on Jan 23, 2022.
             Was a Priest of Hepliaklqana.
             Killed from afar by an electric eel (4 damage)
             ... with a bolt of electricity
             ... on level 8 of the Dungeon.
             The game lasted 00:20:34 (6489 turns).

glarfugus the Grappler (Ghoul Monk)                 Turns: 6489, Time: 00:20:36

Health: 0/65       AC: 17    Str: 19    XL:     9   Next: 80%
Magic:  8/8        EV:  7    Int:  5    God:    Hepliaklqana [***...]
Gold:   724        SH:  0    Dex: 17    Spells: 8/8 levels left

rFire   . . .      SeeInvis .     - Unarmed
rCold   + . .      Faith    .   (no shield)
rNeg    + + +      Spirit   .   I - +0 plate armour
rPois   ∞          Reflect  .   u - +0 helmet
rElec   .          Harm     .   n - +0 cloak
rCorr   .          Rampage  .   (no gloves)
Will    +....                   y - +1 pair of boots
Stlth   ..........              v - amulet of regeneration
HPRegen 0.00/turn               g - +6 ring of dexterity
MPRegen 0.11/turn               k - ring of willpower

@: about to teleport, inhibited regen
A: reduced essence, claws 1, cold resistance 1, negative energy resistance 3,
inhibited regeneration, torment resistance 2
a: Renounce Religion, Recall Ancestor, Ancestor Identity, Transference


You were on level 8 of the Dungeon.
You worshipped Hepliaklqana.
Hepliaklqana was most pleased with you.
You visited 1 branch of the dungeon, and saw 8 of its levels.

You collected 885 gold pieces.
You spent 161 gold pieces at shops.

Inventory:

Hand Weapons
 o - a +0 vorpal mace
 p - a +5 quarterstaff of chaos
 q - a +2 vorpal mace
 L - a +1 vorpal halberd
 Q - the +7 spear of Qazlal's Supremacy {freeze, Dex+4 Stlth+}
   (You found it on level 6 of the Dungeon)

   It freezes those it strikes, dealing additional cold damage.
   It can also slow down cold-blooded creatures.
   Dex:       It affects your dexterity (+4).
   Stlth:     It makes you more stealthy.
Missiles
 s - 5 curare-tipped darts (quivered)
Armour
 a - a +0 robe
 e - a +0 ring mail
 n - a +0 cloak (worn)
 u - a +0 helmet (worn)
 x - a +0 chain mail
 y - a +1 pair of boots (worn)
 I - a +0 plate armour (worn)
 M - +0 acid dragon scales
 U - a +3 leather armour
Magical Staves
 f - a staff of poison
Jewellery
 g - a +6 ring of dexterity (left claw)
 k - a ring of willpower (right claw)
 t - an amulet of faith
 v - an amulet of regeneration (around neck)
 A - the ring of Yrausu {Wiz rC+}
   (You found it on level 5 of the Dungeon)

   [ring of wizardry]

   It improves your spell success rate.
   rC:        It protects you from cold.
 R - a ring of protection from cold
 S - a ring of protection from cold
Wands
 K - a wand of polymorph (9)
 N - a wand of flame (6)
Scrolls
 d - a scroll of summoning
 h - 4 scrolls of teleportation
 m - 4 scrolls of vulnerability
 r - a scroll of fear
 z - a scroll of magic mapping
 F - a scroll of enchant weapon
 J - 4 scrolls of identify
 T - a scroll of noise
Potions
 b - 2 potions of flight {unknown}
 c - 3 potions of curing
 j - 2 potions of lignification {unknown}
 w - 3 potions of attraction
 D - a potion of ambrosia {unknown}
 E - 2 potions of heal wounds {unknown}
 H - 2 potions of might
 O - a potion of haste {unknown}
 P - a potion of invisibility {unknown}


   Skills:
 + Level 4.8 Fighting
 + Level 6.6 Armour
 + Level 3.5 Dodging
 * Level 5.2 Stealth
 + Level 10.8 Unarmed Combat


You had 8 spell levels left.
You didn't know any spells.
Your spell library contained the following spells:

 Spells                   Type           Power      Damage    Failure   Level
 Foxfire                  Conj/Fire      0%         2x1d4     100%        1
 Slow                     Hex            0%         N/A       100%        1
 Summon Small Mammal      Summ           0%         N/A       100%        1
 Call Canine Familiar     Summ           0%         N/A       100%        3
 Confusing Touch          Hex            0%         N/A       100%        3
 Conjure Flame            Conj/Fire      0%         6-21      100%        3
 Frozen Ramparts          Ice            0%         1d2       100%        3
 Gell's Gravitas          Tloc           0%         N/A       100%        3
 Inner Flame              Hex/Fire       0%         N/A       100%        3
 Lesser Beckoning         Tloc           0%         N/A       100%        3
 Summon Guardian Golem    Hex/Summ       0%         N/A       100%        3
 Teleport Other           Tloc           0%         N/A       100%        3
 Vampiric Draining        Necr           0%         2d6       100%        3
 Flame Wave               Conj/Fire      0%         2d4       100%        4
 Summon Ice Beast         Ice/Summ       0%         N/A       100%        4
 Ice Form                 Ice/Tmut       Unusable   N/A       N/A         4

Dungeon Overview and Level Annotations

Branches:
Dungeon (8/15)             Temple (0/1) D:7
   Lair: D:8-11

Altars:
Cheibriados
Gozag
Hepliaklqana
Makhleb
Sif Muna
Wu Jian
The Shining One

Shops:
D:4 *   D:5 *


Innate Abilities, Weirdness & Mutations

Your life essence is reduced to manifest your ancestor. (-10% HP)
You thrive by killing the living.
You are immune to poison.
You have sharp fingernails.
Your flesh is cold resistant. (rC+)
You are immune to negative energy. (rN+++)
You do not regenerate when monsters are visible.
You are immune to unholy pain and torment.


Message History

You scratch the wight but do no damage.
The wight is heavily damaged.
Chad Thundercock hits the wight with a +0 flail.
The wight hits you with a +4 flail.
You claw the wight!
You destroy the wight!
The electric eel shoots out a bolt of lightning at you!
The bolt of electricity hits you!
You swap places.
An electric eel comes into view.
Things that are here:
a +4 flail; a +0 robe You claw the wight!
The wight is severely damaged.
The wight hits you with a +5 dagger.
You claw the wight!
You destroy the wight!
The electric eel shoots out a bolt of lightning at you!
The bolt of electricity hits the wight!
The bolt of electricity hits you!
The bolt of electricity hits Chad Thundercock!
You claw the wight!
You destroy the wight!
The electric eel shoots out a bolt of lightning at you!
The bolt of electricity hits you!
* * * LOW HITPOINT WARNING * * *
The bolt of electricity hits Chad Thundercock!
An electric eel comes into view.
The electric eel shoots out a bolt of lightning at you!
The bolt of electricity hits you!
* * * LOW HITPOINT WARNING * * *
As you read the scroll of teleportation, it crumbles to dust.
You feel strangely unstable.
The wight hits Chad Thundercock but does no damage.
The electric eel shoots out a bolt of lightning at you!
The bolt of electricity hits the wight!
The bolt of electricity hits Chad Thundercock!
The bolt of electricity hits you.
* * * LOW HITPOINT WARNING * * *
The bolt of electricity hits you.
You die...

#.# #.....# **#.# #.....# ****
,*#.# #.....# ***≈≈** .##.##
#.....# *≈**≈≈** .....# #.....#
****≈≈≈*≈* ###.)###.....#
*≈≈≈≈≈≈≈≈** #...#####'##
**♣≈≈≈≈≈≈≈≈** #.#)## #.#
####≈≈≈♣≈≈**≈≈≈* #.#).#
#######@.≈≈≈≈≈≈≈≈≈≈*≈*** #.##.#
#.....#R#♣≈≈≈≈≈≈≈≈≈≈*≈,*
#.##.###.._..#z#≈≈≈≈≈≈≈≈*≈≈≈*,*
#.##..###...##.#♣*≈≈≈≈≈≈≈≈≈**,*
#.*##.# #...##.S♣♣≈≈≈≈≈≈≈≈≈**^,
#.* #.# #.####.♣≈≈≈≈≈≈≈≈≈≈≈≈≈≈,
*,###.###.####.♣≈≈≈≈≈≈≈≈≈≈≈≈≈≈,
*,#..........#.≈♣≈≈≈≈≈≈≈≈≈≈≈*≈,
*,#.#..##.##.#.P♣♣≈≈≈≈≈≈≈≈≈≈**,


You could see the friendly Chad Thundercock the knight, an electric eel (ally
target) and a wight.

Vanquished Creatures
  Maggie (D:6)
  5 yaks (D:8)
  A vampire mosquito (D:6)
  A water moccasin (D:5)
  An ogre (D:5)
  A phantom (D:5)
  2 kobold brigands (D:3)
  A water moccasin zombie (D:5)
  3 wights (D:8)
  A howler monkey (D:8)
  An electric eel (D:6)
  A centaur zombie (D:8)
  2 hounds
  A jelly (D:7)
  Crazy Yiuf (D:2)
  4 orc wizards
  An iguana (D:5)
  A killer bee zombie (D:7)
  A hound skeleton (D:4)
  Robin (D:4)
  7 adders
  A white imp (D:7)
  An ufetubus (D:4)
  An adder skeleton (D:4)
  2 worms
  A dart slug (D:1)
  22 orcs
  11 endoplasms
  4 giant cockroaches
  13 goblins
  17 hobgoblins
  5 jackals
  13 kobolds
  6 quokkas
  7 ball pythons
  6 bats
  3 frilled lizards (D:1)
  5 rats
  A spectral orc (D:5)
157 creatures vanquished.

Vanquished Creatures (collateral kills)
  A yak (D:8)
  A water moccasin (D:8)
  A black bear (D:6)
  A centaur (D:8)
  A centaur zombie (D:7)
  A hound (D:7)
  An orc priest (D:8)
  4 orc wizards (D:7)
  A howler monkey skeleton (D:6)
  An adder (D:6)
  5 orcs
18 creatures vanquished.

Vanquished Creatures (others)
  21 plants (D:8)
21 creatures vanquished.

Grand Total: 196 creatures vanquished

Notes
Turn   | Place    | Note
-------+----------+-------------------------------------------
     0 | D:1      | glarfugus the Ghoul Monk began the quest for the Orb.
     0 | D:1      | Reached XP level 1. HP: 19/19 MP: 0/0
     5 | D:1      | Noticed an elephant
   266 | D:1      | Reached XP level 2. HP: 26/26 MP: 1/1
   452 | D:1      | Reached XP level 3. HP: 30/31 MP: 2/2
   821 | D:1      | Found a faded altar of an unknown god.
   902 | D:2      | Reached skill level 4 in Unarmed Combat
   974 | D:2      | Found a snail-covered altar of Cheibriados.
  1134 | D:2      | Reached XP level 4. HP: 39/39 MP: 3/3
  1342 | D:2      | Found a runed translucent door.
  1343 | D:2      | Noticed Crazy Yiuf
  1352 | D:2      | Killed Crazy Yiuf
  1353 | D:2      | Reached skill level 5 in Unarmed Combat
  1353 | D:2      | Reached XP level 5. HP: 20/46 MP: 4/4
  1703 | D:3      | Reached skill level 1 in Armour
  1950 | D:3      | Noticed a kobold brigand
  1951 | D:3      | Noticed a kobold brigand
  2109 | D:3      | Found an ornate altar of the Wu Jian Council.
  2171 | D:3      | Killed a kobold brigand
  2230 | D:3      | Killed a kobold brigand
  2231 | D:3      | Reached skill level 6 in Unarmed Combat
  2231 | D:3      | Reached XP level 6. HP: 45/52 MP: 5/5
  2535 | D:4      | Noticed Robin
  2569 | D:4      | Killed Robin
  2975 | D:4      | Found Serammum's CLEARANCE SALE!.
  2984 | D:4      | Bought a +1 pair of boots for 57 gold pieces
  2984 | D:4      | Bought a potion of attraction for 15 gold pieces
  3027 | D:5      | Entered Level 5 of the Dungeon
  3052 | D:5      | Identified the ring of Yrausu {Wiz rC+}
  3094 | D:5      | Reached XP level 7. HP: 50/58 MP: 6/6
  3195 | D:5      | Reached skill level 7 in Unarmed Combat
  3363 | D:5      | Found Woqujok's Assorted Antiques.
  3402 | D:5      | Bought a silvery potion for 27 gold pieces
  3402 | D:5      | Bought a scroll labelled XEDGHE BEOPPAU for 31 gold pieces
  3402 | D:5      | Bought a scroll labelled LUEJOW TOXYGEP for 31 gold pieces
  3661 | D:5      | Found a hazy altar of Hepliaklqana.
  3676 | D:5      | Became a worshipper of Hepliaklqana the Forgotten
  3676 | D:5      | Reached * piety under Hepliaklqana
  3676 | D:5      | Reached ** piety under Hepliaklqana
  3677 | D:5      | Remembered your ancestor Chad Thundercock as a knight
  3813 | D:5      | Found a burning altar of Makhleb.
  4067 | D:6      | Noticed Maggie
  4067 | D:6      | Noticed a vampire mosquito
  4078 | D:6      | Killed a vampire mosquito
  4079 | D:6      | Reached skill level 8 in Unarmed Combat
  4079 | D:6      | Reached XP level 8. HP: 35/59 MP: 7/7
  4092 | D:6      | Killed Maggie
  4267 | D:6      | Reached skill level 9 in Unarmed Combat
  4397 | D:6      | Identified the +7 spear of Qazlal's Supremacy {freeze,
                  | Dex+4 Stlth+}
  4650 | D:6      | Reached *** piety under Hepliaklqana
  5157 | D:7      | Found a staircase to the Ecumenical Temple.
  5202 | D:7      | Reached skill level 5 in Armour
  5236 | D:7      | Found a shimmering blue altar of Sif Muna.
  5608 | D:7      | Reached XP level 9. HP: 61/64 MP: 8/8
  6288 | D:8      | Acquired 491 gold pieces
  6291 | D:8      | Found an opulent altar of Gozag.
  6351 | D:8      | Reached skill level 10 in Unarmed Combat
  6378 | D:8      | Reached skill level 5 in Stealth
  6489 | D:8      | Killed from afar by an electric eel

Illustrated notes

Levels and vault maps discovered:
D:1:      sevenhm_arrival_forest_fort_small_2, layout_basic,
          basic_ecumenical_altar, minmay_vboxes
D:2:      layout_rooms, basic_altar, minmay_misc_feat_pillars,
          kennysheep_generic_room_7, uniq_crazy_yiuf_cottage
D:3:      cheibrodos_thug_alley, layout_basic, mainiacjoe_overflow_alcove_2
D:4:      layout_rooms, nicolae_shop_clearance, uniq_robin
D:5:      layout_loops_ring, nicolae_hepliaklqana_monster_ancestors,
          lemuel_tele_altar, minmay_shop_grid_forest
D:6:      cheibrodos_helix_gallery, layout_layer_cave, minivault_14,
          water_maze_lemuel, uniq_maggie
D:7:      layout_basic, mainiacjoe_overflow_tiny_flanked, led_sif_book,
          minmay_temple_entry_glassed_door, serial_aquarium,
          aquarium_bridge_long_separate [aquarium_subvault_bridge,
          aquarium_subvault_wall, aquarium_subvault_bridge,
          aquarium_subvault_bridge, aquarium_subvault_wall,
          aquarium_subvault_window], aquarium_bridge_square
          [aquarium_subvault_wall, aquarium_subvault_bridge,
          aquarium_subvault_wall, aquarium_subvault_window],
          aquarium_window_fake, aquarium_window_2, aquarium_view_2e,
          aquarium_pool_2
D:8:      layout_basic, mainiacjoe_overflow_alcove_1, zin_statuary,
          serial_bayou_lake_a

Skill      XL: |  1  2  3  4  5  6  7  8  9 |
---------------+----------------------------+-----
Dodging        | 3 |  3.5
Unarmed Combat | 4 5 6 8 9 10 | 10.8
Armour         | 1 2 3 5 6 |  6.6
Stealth        | 3 5 |  5.2
Fighting       | 4 |  4.8

Action                   |  1- 3 |  4- 6 |  7- 9 || total
-------------------------+-------+-------+-------++-------
Melee: Unarmed           |   103 |   187 |   221 ||   511
       Punch             |     4 |     7 |     9 ||    20
Invok: Ancestor Life: Kn |       |       |     1 ||     1
       Ancestor Identity |       |       |     1 ||     1
       Recall Ancestor   |       |       |     4 ||     4
  Use: Scroll            |       |     3 |    10 ||    13
       Potion            |       |     1 |     1 ||     2
 Stab: Sleeping          |     2 |     2 |       ||     4
       Distracted        |       |     1 |     3 ||     4
Armor: Robe              |     5 |       |       ||     5
       Ring mail         |    15 |    56 |       ||    71
       Chain mail        |       |     9 |    35 ||    44
       Plate armour      |       |       |    83 ||    83
Dodge: Dodged            |    65 |    98 |    72 ||   235

Table legend: (Time is in decaauts)
 A = Elapsed time spent in this place.
 B = Non-inter-level travel time spent in this place.
 C = Inter-level travel time spent in this place.
 D = Time resting spent in this place.
 E = Time spent auto-exploring this place.
 F = Levels seen in this place.
 G = Mean time per level.
                   A        B        C        D        E       F      G
               +--------+--------+--------+--------+--------+-----+--------+
         Total |   6427 |   6203 |    224 |     10 |   4936 |   8 |  803.4 |
       Dungeon |   6427 |   6203 |    224 |     10 |   4936 |   8 |  803.4 |
               +--------+--------+--------+--------+--------+-----+--------+

Top non-repeatable levels by time:
     D:6: 1105 daAuts
     D:1: 870 daAuts
     D:5: 844 daAuts
     D:7: 839 daAuts
     D:3: 837 daAuts
     D:2: 748 daAuts
     D:8: 634 daAuts
     D:4: 548 daAuts
